 Dungeon Crawl Stone Soup version 0.26.0-10-g1f06aea511 (webtiles) character file.

Game seed: 8763480507337585518

261243 Amaterasu the Black Belt (level 19, -40/130 HPs)
             Began as an Octopode Ice Elementalist on Jan 31, 2021.
             Was the Champion of Cheibriados.
             Killed from afar by a deep troll earth mage (61 damage)
             ... with a blast of metal fragments
             ... on level 1 of the Vaults.
             The game lasted 01:58:04 (44111 turns).

Amaterasu the Black Belt (OpIE)                    Turns: 44111, Time: 01:58:05

Health: -40/130    AC:  6    Str: 29    XL:     19   Next: 95%
Magic:  15/33      EV: 30    Int: 53    God:    Cheibriados [******]
Gold:   4832       SH: 14    Dex: 34    Spells: 6/38 levels left

rFire    x . .     SeeInvis +     - Unarmed
rCold    + . .     Faith    .   g - +1 buckler
rNeg     + + .     Spirit   .   (helmet restricted)
rPois    +         Reflect  +   G - amulet of reflection
rElec    .         Harm     .   P - +6 ring of dexterity
rCorr    .         Rampage  .   e - +6 ring of intelligence
Will     ++...                  B - ring of ice
Stlth    +++++.....             Z - ring of the Chopping Genius {Wiz rPois rN++ Will+ Dex-4}
HPRegen  0.31/turn              M - +6 ring of intelligence
MPRegen  0.23/turn              N - ring of the Octopus King {AC+1 EV+1 Str+1 Int+1 Dex+1 Stlth+}
                                Y - ring of Trepidation {Str+5 Dex+6 SInv}
                                E - +4 ring of protection

@: studying 2 skills, very slow
A: almost no armour, stealthy swim, amphibious, 8 rings, constrict 8, camouflage
1, clumsy 1, gelatinous body 1
}: 2/15 runes: barnacled, gossamer
a: Renounce Religion, Bend Time, Temporal Distortion, Slouch, Step From Time


You were on level 1 of the Vaults.
You worshipped Cheibriados.
Cheibriados was exalted by your worship.
You visited 6 branches of the dungeon, and saw 32 of its levels.
You also visited: Sewer, Gauntlet and Ice Cave.

You collected 4988 gold pieces.
You spent 156 gold pieces at shops.

Inventory:

Missiles
 W - 105 silver javelins
Armour
 g - a +1 buckler (worn)
Jewellery
 e - a +6 ring of intelligence (right tentacle)
 h - an uncursed amulet of the acrobat
 x - an uncursed ring of fire
 B - a ring of ice (on tentacle)
 E - a +4 ring of protection (on tentacle)
 G - an amulet of reflection (around mantle)
 M - a +6 ring of intelligence (on tentacle)
 N - a ring of the Octopus King (on tentacle) {AC+1 EV+1 Str+1 Int+1 Dex+1 Stlth+}
   (You found it in a Gauntlet)

   [ring of stealth]

   It affects your AC (+1).
   It affects your evasion (+1).
   It affects your strength (+1).
   It affects your intelligence (+1).
   It affects your dexterity (+1).
   It makes you more stealthy.
 O - an uncursed ring of resist corrosion
 P - a +6 ring of dexterity (left tentacle)
 V - an uncursed ring of magical power
 X - an uncursed ring of wizardry
 Y - the ring of Trepidation (on tentacle) {Str+5 Dex+6 SInv}
   (You acquired it on level 11 of the Dungeon)

   [ring of dexterity]

   It affects your strength (+5).
   It affects your dexterity (+6).
   It lets you see invisible.
 Z - the ring of the Chopping Genius (on tentacle) {Wiz rPois rN++ Will+ Dex-4}
   (You found it on level 2 of the Shoals)

   [ring of wizardry]

   It improves your spell success rate.
   It affects your dexterity (-4).
   It protects you from poison.
   It greatly protects you from negative energy.
   It affects your willpower, your defense against some magical effects.
Wands
 b - a wand of digging (12)
 y - a wand of disintegration (61)
 D - a wand of iceblast (30)
 J - a wand of flame (86)
 K - a wand of polymorph (34)
 Q - a wand of acid (18)
Scrolls
 a - 7 scrolls of fear
 d - 11 scrolls of identify
 j - 4 scrolls of blinking
 l - 6 scrolls of brand weapon
 o - 7 scrolls of magic mapping
 q - 18 scrolls of teleportation
 t - 11 scrolls of amnesia
 u - 15 scrolls of remove curse
 C - 5 scrolls of enchant weapon
 H - 2 scrolls of immolation
 I - 5 scrolls of enchant armour
 U - 2 scrolls of fog
Potions
 c - 6 potions of berserk rage
 f - 3 potions of heal wounds
 i - a potion of cancellation
 k - 4 potions of invisibility
 m - 6 potions of attraction
 p - 7 potions of brilliance
 r - 5 potions of might
 v - 5 potions of flight
 w - a potion of magic
 z - 4 potions of mutation
 A - 16 potions of curing
 F - 8 potions of ambrosia
 L - 4 potions of resistance
Books
 s - a manual of Hexes
 R - a manual of Fighting
Miscellaneous
 n - a tin of tremorstones (2/2)
 S - a condenser vane (inert)
 T - a lightning rod (4/4)


   Skills:
 * Level 11.6 Fighting
 - Level 12.0 Dodging
 - Level 2.6 Stealth
 - Level 4.0 Shields
 - Level 18.0 Unarmed Combat
 - Level 10.0 Spellcasting
 - Level 9.0 Conjurations
 - Level 3.0 Summonings
 - Level 8.0 Transmutations
 - Level 12.0 Ice Magic
 * Level 13.1 Earth Magic
 - Level 10.0 Invocations
 - Level 5.0 Evocations


You had 6 spell levels left.
You knew the following spells:

 Your Spells              Type           Power        Failure   Level
a - Statue Form           Tmut/Erth      63%          1%          6
b - Frozen Ramparts       Ice            100%         0%          3
c - Summon Ice Beast      Ice/Summ       100%         1%          4
d - Shatter               Erth           52%          75%         9
e - Hailstorm             Conj/Ice       100%         1%          4
g - Iron Shot             Conj/Erth      48%          1%          6

Your spell library contained the following spells:

 Spells                   Type           Power        Failure   Level
 Freeze                   Ice            100%         0%          1
 Sandblast                Erth           100%         0%          1
 Passwall                 Tmut/Erth      79%          0%          2
 Ozocubu's Armour         Ice            100%         0%          3
 Stone Arrow              Conj/Erth      100%         0%          3
 Beastly Appendage        Tmut           100%         1%          1
 Wereblood                Tmut           84%          1%          2
 Spider Form              Tmut/Pois      31%          1%          3
 Ice Form                 Ice/Tmut       100%         1%          4
 Leda's Liquefaction      Hex/Erth       38%          1%          4
 Petrify                  Tmut/Erth      95%          1%          4
 Blade Hands              Tmut           42%          1%          5
 Bolt of Magma            Conj/Fire/Erth 40%          1%          5
 Lee's Rapid Deconstruct  Erth           52%          1%          5
 Freezing Cloud           Conj/Ice/Air   50%          2%          6
 Invisibility             Hex            26%          38%         6
 Monstrous Menagerie      Summ           27%          54%         7
 Summon Greater Demon     Summ           27%          54%         7
 Malign Gateway           Summ/Tloc      21%          75%         7
 Summon Horrible Things   Summ           27%          99%         8


Dungeon Overview and Level Annotations

Branches:
Dungeon (15/15)            Temple (0/1) D:7            Lair (6/6) D:9
 Shoals (4/4) Lair:2       Spider (4/4) Lair:3        Slime (0/5) Lair:5
    Orc (2/2) D:10            Elf (0/3) Orc:2        Vaults (1/5) D:14
 Depths (0/5) D:15          Sewer (visited)           IceCv (visited)
Gauntlet (visited)

Altars:
Ashenzari
Cheibriados
Dithmenos
Fedhas
Kikubaaqudgha
Makhleb
Nemelex Xobeh
Okawaru
Qazlal
Trog
Wu Jian
Xom
Yredelemnul
Zin
The Shining One
Jiyva

Shops:
Orc:2 [*:?   Shoals:4 !

Portals:
Pandemonium: Orc:2

Annotations:
Lair:2 exclusion: oklob plant
Lair:4 exclusion: oklob plant
Lair:6 1 exclusion
Shoals:2 exclusion: oklob plant
Shoals:4 2 runed translucent doors, puimuR's ghost, adept HOMo
Vaults:1 1 transporter


Innate Abilities, Weirdness & Mutations

You cannot wear most types of armour.
You are very stealthy in the water. (Stealth+)
You are amphibious.
You can wear up to eight rings at the same time.
You can use your tentacles to constrict eight enemies at once.
Your skin changes colour to match your surroundings (Stealth+).
Your rubbery body absorbs attacks. (AC +1, EV +1)
You are clumsy. (Dex -2)


Message History

You see here 18 gold pieces.
Aiming: Iron Shot (mildly dangerous; 1% risk of failure)
Press: ? - help, Q - select action, (/) - cycle Shift-Dir - straight line, f - wizard
Aim: a wizard, wielding a +0 dagger and wearing a +0 robe (spells empowered, slightly transparent, 31% to evade)
The iron shot hits the wizard!!!
You kill the wizard!
Cheibriados appreciates the change of pace.
Aiming: Iron Shot (mildly dangerous; 1% risk of failure)
Press: ? - help, Q - select action, (/) - cycle Shift-Dir - straight line, f - deep troll earth mage
Aim: a deep troll earth mage (spells empowered, 22% to evade)
The iron shot hits the deep troll earth mage!!!
The deep troll earth mage is almost dead.
Aiming: Iron Shot (mildly dangerous; 1% risk of failure)
Press: ? - help, Q - select action, (/) - cycle Shift-Dir - straight line, f/p - deep troll earth mage
Aim: a deep troll earth mage (almost dead, spells empowered, 22% to evade)
The iron shot misses the deep troll earth mage.
The deep troll earth mage points at you and mumbles some strange words.
The metal wall shatters!
The blast of metal fragments hits you!!!
You die...

#....#.#####..........## #.#..
#....#.#y#§#..⌠..###...######.#..
#....#.#####....$#y#...#y#....#.(
#....#....##...$$####''###....#..
#....#....##..?$)###...##.....#..
#....'...©##..(._)©#!.©##©....+..
#....#....##..($T###...##.....###
#....#....##...$(####''###....#..
#....#.#####....@†.#..(#y#....#..
#....#.#y#§#..⌠..#.#...######.#..
#....#.#####......[...## #.#..
#....#.# #y#......([(## #.#..
#....#.# ########.#### #.#..
#....#.# #...†.#§# #.#.. #....#.#
######### #.#.. '....#.# #.#..
#....#.######################.#..


You could see a moth of wrath and a deep troll earth mage (empowered).

Vanquished Creatures
  Arachne (Spider:2)
  Jorgrun (Spider:2)
  A titan (Vaults:1)
  2 krakens
  Kirke (Spider:2)
  Agnes (Spider:4)
  A frost giant (Shoals:4)
  5 ghost moths
  Aizul (Shoals:1)
  3 emperor scorpions (Spider:4)
  3 stone giants (Vaults:1)
  2 ironheart preservers (Vaults:1)
  A deep elf annihilator (Vaults:1)
  A minotaur (Gauntlet)
  2 spark wasps (Spider:4)
  Snorg (Orc:2)
  2 entropy weavers
  6 merfolk javelineers
  Josephine (Spider:1)
  10 merfolk impalers
  An ogre mage (Vaults:1)
  3 yaktaur captains (Vaults:1)
  11 hydras
  Harold (D:7)
  7 merfolk avatars
  An alligator snapping turtle (Shoals:4)
  A death knight (Vaults:1)
  10 boulder beetles
  A catoblepas (Lair:6)
  7 two-headed ogres (Vaults:1)
  A centaur warrior (Vaults:1)
  2 dancing weapons (D:14)
  A death yak (Lair:3)
  6 merfolk aquamancers
  5 satyrs
  6 orc high priests (Orc:2)
  A deep troll earth mage (Vaults:1)
  2 deep elf knights (Vaults:1)
  Nergalle (Orc:1)
  A fire crab (shapeshifter) (D:13)
  3 skeletal warriors (D:13)
  An iron troll (Vaults:1)
  An unseen horror (D:14)
  A sixfirhy (Orc:2)
  An unseen horror (shapeshifter) (Vaults:1)
  10 sea snakes
  A deep troll (Vaults:1)
  2 infernal demonspawn (Orc:2)
  A torturous demonspawn (Orc:2)
  A flayed ghost (Vaults:1)
  3 deep elf archers (Vaults:1)
  3 ironbrand convokers (Vaults:1)
  2 wizards (Vaults:1)
  7 orc knights
  Pikel (D:6)
  10 harpies
  17 orb spiders
  8 cyclopes
  29 wolf spiders
  29 ugly things
  3 deep elf magi (Vaults:1)
  7 orc sorcerers
  Maurice (Orc:1)
  14 manticores
  27 elephants
  6 water nymphs
  8 merfolk sirens
  12 fauns
  Joseph (D:9)
  2 molten gargoyles (Lair:6)
  4 moths of wrath
  12 black mambas
  4 vault sentinels (Vaults:1)
  3 ice statues (IceCv)
  4 torpor snails
  Psyche (D:10)
  A gargoyle (D:11)
  A minotaur zombie (Gauntlet)
  10 yaktaurs (Vaults:1)
  2 centaur skeletons (D:14)
  2 efreet (D:15)
  13 cane toads
  2 rime drakes
  An ice devil (Orc:2)
  4 freezing wraiths
  15 komodo dragons
  A silent spectre (Vaults:1)
  14 demonic crawlers
  29 merfolk
  22 jumping spiders
  A red devil (Orc:2)
  A wind drake (shapeshifter) (D:15)
  2 tengu conjurers (D:15)
  12 trolls
  Grinder (D:6)
  7 wind drakes
  Prince Ribbit (D:5)
  A polar bear (Lair:6)
  8 blink frogs
  5 hornets
  9 snapping turtles
  4 dream sheep (Shoals:3)
  14 slime creatures
  A meliai zombie (D:13)
  2 shadows
  18 water elementals
  2 vampires
  56 redbacks
  14 tarantellas
  9 wraiths
  A hog (shapeshifter) (D:15)
  8 wyverns
  Grum (D:10)
  A golden eye (shapeshifter) (D:15)
  3 vampire mosquitoes (D:13)
  66 yaks
  2 basilisks
  A steam dragon (Lair:6)
  Menkaure (D:7)
  A warg (Orc:2)
  An acid dragon (D:15)
  18 water moccasins
  A swamp drake (D:10)
  3 sky beasts
  40 orc warriors
  3 black bears
  20 ice beasts
  2 phantoms
  11 ogres
  20 centaurs
  31 wolves
  9 boggarts
  3 necrophages
  2 lemures (D:6)
  A gnoll sergeant (D:10)
  23 bullfrogs
  A big kobold (shapeshifter) (D:15)
  2 wyvern zombies
  5 big kobolds
  A water moccasin zombie (D:7)
  2 wyvern skeletons
  7 scorpions
  An orc simulacrum (Vaults:1)
  24 killer bees
  24 wights
  2 howler monkeys
  4 electric eels
  A bullfrog zombie (D:9)
  3 jellies
  3 centaur zombies
  2 quasits
  A bullfrog skeleton (D:11)
  29 orc priests
  8 hounds
  20 orc wizards
  Crazy Yiuf (D:6)
  4 iguanas
  11 hell rats
  23 worker ants
  A killer bee zombie (D:7)
  4 hound skeletons
  A worker ant zombie (D:7)
  A howler monkey zombie (D:7)
  12 gnolls
  A howler monkey skeleton (D:10)
  11 adders
  3 river rats (Sewer)
  A shadow imp (D:7)
  2 white imps
  2 ufetubi
  3 oozes
  3 adder skeletons
  An adder zombie (D:7)
  3 worms
  5 dart slugs
  3 leopard geckos
  117 orcs
  7 ball pythons
  10 bats
  5 giant cockroaches
  9 goblins
  6 hobgoblins
  17 jackals
  4 quokkas
  A ball python skeleton (D:4)
  2 frilled lizards
  32 kobolds
  A leopard gecko zombie (D:5)
  28 rats
  5 tentacles (Shoals:4)
1393 creatures vanquished.

Vanquished Creatures (collateral kills)
  An orc priest (D:9)
  4 orcs (D:9)
5 creatures vanquished.

Vanquished Creatures (others)
  Asterion (Spider:4)
  Louise (D:15)
  A manticore (Shoals:3)
  An orc warrior (Orc:2)
  68 fungi
  117 plants
  12 tentacles
201 creatures vanquished.

Grand Total: 1599 creatures vanquished

Notes
Turn   | Place    | Note
-------+----------+-------------------------------------------
     0 | D:1      | Amaterasu the Octopode Ice Elementalist began the quest for
                  | the Orb.
     0 | D:1      | Reached XP level 1. HP: 11/11 MP: 3/3
   146 | D:1      | Reached XP level 2. HP: 17/17 MP: 5/5
   561 | D:1      | Reached XP level 3. HP: 20/21 MP: 4/6
   731 | D:1      | Reached skill level 5 in Ice Magic
   835 | D:1      | Learned a level 3 spell: Frozen Ramparts
  1114 | D:2      | Noticed a centaur
  1121 | D:2      | Killed a centaur
  1122 | D:2      | Reached skill level 1 in Fighting
  1122 | D:2      | Reached skill level 1 in Shields
  1122 | D:2      | Reached XP level 4. HP: 19/28 MP: 2/8
  1122 | D:2      | Reached XP level 5. HP: 22/33 MP: 2/9
  1127 | D:2      | Learned a level 4 spell: Summon Ice Beast
  2432 | D:3      | Noticed a centaur
  2791 | D:3      | Killed a centaur
  2792 | D:3      | Reached XP level 6. HP: 21/38 MP: 7/10
  3041 | D:3      | Reached skill level 1 in Summonings
  3504 | D:3      | Found a faded altar of an unknown god.
  3838 | D:4      | Reached XP level 7. HP: 13/44 MP: 4/12
  4361 | D:4      | Learned a level 4 spell: Ice Form
  5259 | D:5      | Entered Level 5 of the Dungeon
  5301 | D:5      | Found a glowing drain.
  5319 | Sewer    | Entered a sewer
  5742 | Sewer    | Reached XP level 8. HP: 50/50 MP: 8/14
  5864 | Sewer    | Reached skill level 1 in Transmutations
  6176 | Sewer    | Learned a level 4 spell: Hailstorm
  6420 | D:5      | Found a snail-covered altar of Cheibriados.
  6425 | D:5      | Became a worshipper of Cheibriados the Contemplative
  6431 | D:5      | Found an ornate altar of the Wu Jian Council.
  6434 | D:5      | Found a stormy altar of Qazlal.
  6437 | D:5      | Found a basalt altar of Yredelemnul.
  6451 | D:5      | Reached skill level 5 in Spellcasting
  6860 | D:5      | Noticed Prince Ribbit
  6875 | D:5      | Reached skill level 1 in Invocations
  6879 | D:5      | Killed Prince Ribbit
  6880 | D:5      | Reached skill level 1 in Unarmed Combat
  6880 | D:5      | Reached XP level 9. HP: 33/56 MP: 7/16
  7569 | D:5      | Reached skill level 2 in Unarmed Combat
  7645 | D:6      | Noticed Pikel
  7656 | D:6      | Killed Pikel
  7705 | D:6      | Found a burning altar of Makhleb.
  7706 | D:6      | Found a broken altar of Ashenzari.
  7706 | D:6      | Found an iron altar of Okawaru.
  7883 | D:6      | Reached * piety under Cheibriados
  7952 | D:6      | Found a sparkling altar of Nemelex Xobeh.
  7978 | D:6      | Reached skill level 3 in Unarmed Combat
  8125 | D:6      | Found a runed translucent door.
  8126 | D:6      | Noticed Crazy Yiuf
  8276 | D:6      | Found a glowing silver altar of Zin.
  8332 | D:6      | Noticed Grinder
  8341 | D:6      | Paralysed by Grinder for 3 turns
  8354 | D:6      | Killed Grinder
  8648 | D:6      | Killed Crazy Yiuf
  8731 | D:6      | Reached XP level 10. HP: 30/63 MP: 9/19
  9021 | D:7      | Learned a level 3 spell: Ozocubu's Armour
  9087 | D:7      | Reached ** piety under Cheibriados
  9294 | D:7      | Reached skill level 4 in Unarmed Combat
  9299 | D:7      | Noticed Menkaure
  9310 | D:7      | Killed Menkaure
  9474 | D:7      | Noticed Harold
  9484 | D:7      | Killed Harold
  9642 | D:7      | Found a glowing golden altar of the Shining One.
  9642 | D:7      | Found a blossoming altar of Fedhas.
  9817 | D:7      | Found a staircase to the Ecumenical Temple.
  9853 | D:7      | Reached *** piety under Cheibriados
 10437 | D:8      | Reached skill level 5 in Unarmed Combat
 11291 | D:9      | Reached **** piety under Cheibriados
 11538 | D:9      | Reached XP level 11. HP: 69/69 MP: 12/22
 12281 | D:9      | Found a staircase to the Lair.
 12503 | D:9      | Reached skill level 1 in Conjurations
 12503 | D:9      | Reached skill level 10 in Ice Magic
 12633 | D:9      | Reached ***** piety under Cheibriados
 12874 | D:9      | Noticed Joseph
 12887 | D:9      | Killed Joseph
 13003 | D:9      | Identified a scroll of acquirement
 13003 | D:9      | Acquired 901 gold pieces
 13028 | D:10     | Entered Level 10 of the Dungeon
 13028 | D:10     | Noticed Psyche
 13193 | D:10     | Reached skill level 6 in Unarmed Combat
 13791 | D:10     | Killed Psyche
 13792 | D:10     | Reached skill level 5 in Invocations
 13934 | D:10     | Reached skill level 7 in Unarmed Combat
 13972 | D:10     | Noticed Grum
 13977 | D:10     | Killed Grum
 14448 | D:10     | Reached ****** piety under Cheibriados
 14464 | D:10     | Reached skill level 5 in Fighting
 14567 | D:10     | Found a staircase to the Orcish Mines.
 14686 | D:10     | Reached skill level 8 in Unarmed Combat
 15124 | Lair:1   | Entered Level 1 of the Lair of Beasts
 15220 | Lair:1   | Noticed a boulder beetle
 15232 | Lair:1   | Killed a boulder beetle
 15233 | Lair:1   | Reached skill level 1 in Evocations
 15581 | Lair:1   | Reached XP level 12. HP: 77/77 MP: 17/24
 15909 | Lair:1   | Reached skill level 9 in Unarmed Combat
 15923 | Lair:1   | Noticed a five-headed hydra
 15927 | Lair:1   | Killed a five-headed hydra
 15972 | Lair:1   | Noticed an eight-headed hydra
 15979 | Lair:1   | Killed an eight-headed hydra
 17037 | Lair:2   | Reached skill level 5 in Dodging
 17223 | Lair:2   | Reached skill level 10 in Unarmed Combat
 17543 | Lair:2   | Found a staircase to the Shoals.
 17563 | Lair:2   | Noticed a five-headed hydra
 17576 | Lair:2   | Killed a five-headed hydra
 17577 | Lair:2   | Reached XP level 13. HP: 83/83 MP: 16/25
 18108 | Lair:3   | Found a gate leading to a gauntlet.
 18158 | Gauntlet | Entered a Gauntlet
 18158 | Gauntlet | Found a transporter.
 18241 | Gauntlet | Found a runed translucent door.
 18244 | Gauntlet | Found a transporter.
 18252 | Gauntlet | Found a transporter.
 18254 | Gauntlet | Found a transporter.
 18266 | Gauntlet | Found a transporter.
 18284 | Gauntlet | Found a transporter.
 18294 | Gauntlet | Found a transporter.
 18304 | Gauntlet | Found a transporter.
 18324 | Gauntlet | Found a transporter.
 18339 | Gauntlet | Found a transporter.
 18339 | Gauntlet | Found a transporter.
 18348 | Gauntlet | Found a transporter.
 18389 | Gauntlet | Found the ring of the Octopus King
 18404 | Gauntlet | Found a transporter.
 18404 | Gauntlet | Found a transporter.
 18666 | Gauntlet | Got a ring of the Octopus King
 18685 | Gauntlet | Identified a ring of the Octopus King {AC+1 EV+1 Str+1
                  | Int+1 Dex+1 Stlth+} (You found it in a Gauntlet)
 18837 | Gauntlet | Got a heavily runed lapis lazuli ring
 18840 | Gauntlet | Identified the ring of Lust {Slay+2 SInv} (You found it in
                  | a Gauntlet)
 18854 | Gauntlet | Noticed a minotaur
 18858 | Gauntlet | Killed a minotaur
 18897 | Gauntlet | Got a scintillating silver amulet
 19489 | Lair:3   | Found a hole to the Spider Nest.
 19958 | Lair:3   | You fall into a shaft and drop 3 floors!
 19958 | Lair:6   | Entered Level 6 of the Lair of Beasts
 19988 | Lair:6   | Reached skill level 11 in Unarmed Combat
 20089 | Lair:5   | Found a viscous altar of Jiyva.
 20118 | Lair:5   | Reached skill level 5 in Evocations
 20400 | Lair:4   | Learned a level 6 spell: Statue Form
 20553 | Lair:3   | Reached XP level 14. HP: 92/92 MP: 26/26
 20878 | Lair:3   | Identified the amulet "Moruost" {Inacc Int+4} (You found it
                  | in a Gauntlet)
 20925 | Lair:4   | Reached skill level 1 in Earth Magic
 21145 | Lair:4   | Reached skill level 12 in Unarmed Combat
 21766 | Lair:5   | Found a staircase to the Slime Pits.
 22373 | Lair:6   | Reached skill level 5 in Transmutations
 22402 | Lair:6   | Reached skill level 13 in Unarmed Combat
 23710 | Lair:6   | Reached XP level 15. HP: 99/99 MP: 22/27
 24324 | D:11     | Found a frozen archway.
 24369 | IceCv    | Entered an ice cave
 24501 | IceCv    | Reached skill level 14 in Unarmed Combat
 25770 | D:11     | Acquired the ring of Trepidation {Str+5 Dex+6 SInv}
 25843 | D:12     | Found an ancient bone altar of Kikubaaqudgha.
 28507 | D:14     | Reached skill level 5 in Earth Magic
 28779 | D:14     | Reached skill level 10 in Dodging
 28851 | D:14     | Found a broken altar of Ashenzari.
 29111 | D:14     | Found a gate to the Vaults.
 29306 | D:14     | Found a shimmering altar of Xom.
 29556 | D:15     | Entered Level 15 of the Dungeon
 29623 | D:15     | Learned a level 6 spell: Iron Shot
 30112 | D:15     | Reached XP level 16. HP: 98/108 MP: 22/29
 30287 | D:15     | Found a staircase to the Depths.
 30523 | D:15     | Noticed Louise
 30537 | D:15     | Killed Louise
 30847 | Orc:1    | Entered Level 1 of the Orcish Mines
 30876 | Orc:1    | You fall into a shaft and drop 1 floor!
 30876 | Orc:2    | Entered Level 2 of the Orcish Mines
 30876 | Orc:2    | Found a staircase to the Elven Halls.
 31056 | Orc:1    | You fall into a shaft and drop 1 floor!
 31115 | Orc:1    | Found Oreruel's Gadget Boutique.
 31116 | Orc:1    | Noticed Maurice
 31120 | Orc:1    | Killed Maurice
 31136 | Orc:1    | Found a bloodstained altar of Trog.
 31167 | Orc:1    | Noticed Nergalle
 31174 | Orc:1    | Killed Nergalle
 31428 | Orc:2    | Found a burning altar of Makhleb.
 31428 | Orc:2    | Noticed Snorg
 31436 | Orc:2    | Killed Snorg
 31442 | Orc:2    | Reached skill level 5 in Conjurations
 31804 | Orc:2    | Found Vuwnodoo's General Store.
 31805 | Orc:2    | Found Joun's Magic Scroll Boutique.
 31809 | Orc:2    | Reached skill level 10 in Spellcasting
 32196 | Orc:2    | Found Gyops's Book Shoppe.
 32196 | Orc:2    | Found Tutret Pukh's Antique Armour Emporium.
 32196 | Orc:2    | Found a one-way gate leading to the halls of Pandemonium.
 32229 | Orc:2    | Bought a scroll of identify for 26 gold pieces
 32229 | Orc:2    | Bought a scroll of identify for 26 gold pieces
 32229 | Orc:2    | Bought a scroll of identify for 26 gold pieces
 32229 | Orc:2    | Bought a scroll of identify for 26 gold pieces
 32229 | Orc:2    | Bought a scroll of identify for 26 gold pieces
 32229 | Orc:2    | Bought a scroll of identify for 26 gold pieces
 32511 | Shoals:1 | Entered Level 1 of the Shoals
 32683 | Shoals:1 | Noticed Aizul
 32699 | Shoals:1 | Killed Aizul
 33832 | Shoals:2 | Found a shadowy altar of Dithmenos.
 34014 | Shoals:2 | Got a fine brass ring
 34015 | Shoals:2 | Identified the ring of the Chopping Genius {Wiz rPois rN++
                  | Will+ Dex-4} (You found it on level 2 of the Shoals)
 34119 | Shoals:2 | Reached XP level 17. HP: 114/114 MP: 31/31
 34613 | Shoals:3 | Reached skill level 10 in Fighting
 34676 | Shoals:3 | Noticed a kraken
 34681 | Shoals:3 | Killed a kraken
 34990 | Shoals:3 | Reached skill level 10 in Earth Magic
 36080 | Shoals:3 | Learned a level 9 spell: Shatter
 36086 | Shoals:4 | Entered Level 4 of the Shoals
 36350 | Shoals:4 | Found Wipnen's Distillery.
 36353 | Shoals:4 | Identified the Collected Works on Execration and Snow
 36359 | Shoals:4 | Found a large runed translucent door.
 36359 | Shoals:4 | Found a large runed translucent door.
 36363 | Shoals:4 | Noticed puimuR's ghost (adept HOMo)
 36799 | Shoals:4 | Got a barnacled rune of Zot
 37209 | Shoals:4 | Noticed a kraken
 37225 | Shoals:4 | Killed a kraken
 37226 | Shoals:4 | Reached XP level 18. HP: 121/121 MP: 29/32
 38161 | Spider:1 | Entered Level 1 of the Spider Nest
 38228 | Spider:1 | Noticed Josephine
 38237 | Spider:1 | Killed Josephine
 38245 | Spider:1 | Reached skill level 15 in Unarmed Combat
 38734 | Spider:1 | Acquired 658 gold pieces
 39232 | Spider:2 | Noticed Arachne
 39243 | Spider:2 | Killed Arachne
 39479 | Spider:2 | Noticed Jorgrun
 39496 | Spider:2 | Killed Jorgrun
 39671 | Spider:2 | Noticed Kirke
 39683 | Spider:2 | Killed Kirke
 41149 | Spider:4 | Entered Level 4 of the Spider Nest
 41157 | Spider:4 | Noticed Agnes
 41164 | Spider:4 | Killed Agnes
 41235 | Spider:4 | Reached skill level 16 in Unarmed Combat
 41579 | Spider:4 | Noticed Asterion
 41581 | Spider:4 | Reached XP level 19. HP: 127/127 MP: 26/33
 41585 | Spider:4 | Gained mutation: You are clumsy. (Dex -2) [a cacodemon]
 41594 | Spider:4 | Killed Asterion
 41907 | Spider:4 | Reached skill level 10 in Invocations
 42028 | Spider:4 | Got a gossamer rune of Zot
 42648 | Vaults:1 | Entered Level 1 of the Vaults
 42709 | Vaults:1 | Reached skill level 17 in Unarmed Combat
 43458 | Vaults:1 | Found a transporter.
 43937 | Vaults:1 | Reached skill level 18 in Unarmed Combat
 44045 | Vaults:1 | Found a transporter.
 44045 | Vaults:1 | Found a runed translucent door.
 44045 | Vaults:1 | Found a bloodstained altar of Trog.
 44046 | Vaults:1 | Found the +8 Wrath of Trog {antimagic, *Rage}
 44111 | Vaults:1 | Killed from afar by a deep troll earth mage

Illustrated notes

Levels and vault maps discovered:
D:1:      mrwooster_arrival_statue_3, layout_loops_cross, serial_bayou_lagoon_a,
          minmay_surrounded
D:2:      layout_loops_ring
D:3:      layout_rooms, chequers_ecumenical_altar_grove
D:4:      layout_gridville, minmay_manual_moon
D:5:      layout_basic, grunt_temple_overflow_cloverleaf,
          cheibrodos_sewer_entry_bend, uniq_prince_ribbit1
D:6:      layout_rooms, old_standard_altar, nicolae_overflow_quartered_altars,
          hangedman_abyss_or_decor_stagger, uniq_crazy_yiuf_cottage,
          uniq_grinder, uniq_pikel
D:7:      layout_rooms, gammafunk_temple_overflow_wave,
          minmay_temple_entry_wispy, kennysheep_generic_room_16, uniq_menkaure,
          uniq_harold
D:8:      layout_loops_ring, enter_bailey_4, grunt_decor_clamped, moated_statue,
          minmay_misc_feat_secret_circle, minmay_misc_feat_tower,
          kennysheep_generic_room_13
D:9:      layout_basic, lair_entry_dummy, special_room [special_room_orc],
          uniq_joseph
D:10:     layout_basic, erik_orc_1, serial_curves, eino_curves_01,
          eino_curves_01, st_stairs_13, uniq_grum, uniq_psyche
D:11:     layout_long_grid, portal_ice_cave_entry_ice_beasts
D:12:     gargoyle_guard, layout_irregular_city, basic_altar,
          minmay_fractal_squares_diagonal_5
D:13:     layout_grid_maze
D:14:     layout_irregular_city, erik_vaults_1, basic_altar,
          nicolae_ashenzari_panopticon
D:15:     gammafunk_enter_depths_forms, layout_cave_pools, nicolae_sextant,
          uniq_louise
Lair:1:   layout_small_grid, nzn_sisyphean_effort
Lair:2:   layout_loops_ring, minmay_shoals_entry_centaurs,
          minmay_lair_oklob_bushes, small_statue_intersection, minivault_24
Lair:3:   wander_river, layout_hall_layers, nicolae_spider_entry_tight_spaces,
          gauntlet_entry_generic
Lair:4:   layout_concentric_octagons, beast_lair_carwin_8, lemuel_fruit_fields,
          minmay_lair_oklob_chamber
Lair:5:   layout_small_grid, slime_altar_1, grunt_megastairs_3
Lair:6:   cheibrodos_lair_end_hotspot, layout_small_grid
Shoals:1: layout_shoals, uniq_aizul
Shoals:2: layout_shoals, lemuel_oklob_altar
Shoals:3: layout_shoals, st_sunken_huts
Shoals:4: shoals_end_grunt_ice, layout_shoals, serial_shops,
          nicolae_shop_waterfront, ebering_ghost_disaster_area
Spider:1: layout_spider_delve, hangedman_spider_mandibles, drop_trap,
          uniq_josephine
Spider:2: layout_chambers, drop_trap, guppyfry_spider_mini_3, uniq_arachne,
          uniq_jorgrun, uniq_kirke
Spider:3: layout_spider_delve, nicolae_spider_webs_and_nodes
Spider:4: grunt_spider_rune_island, spiders_nest_spider_trap, uniq_agnes,
          uniq_asterion
Orc:1:    layout_caves, serial_shops, nicolae_shop_trees, bloody_trog,
          uniq_maurice, uniq_nergalle
Orc:2:    pf_orc_diabolical, layout_caves, bloody_makhleb, uniq_snorg
Vaults:1: emtedronai_trogs_sanctum, v_misc_23, v_misc_29, v_alt_pattern_5,
          v_alt_pattern_3, nicolae_vaults_network_periphery,
          nicolae_vaults_little_squares_5, vaults_dpeg_encased_lava,
          nicolae_vaults_asterisk, vaults_room_fancy_cross,
          ontoclasm_vaults_eye, nicolae_vaults_alarming,
          nicolae_vaults_little_squares_6, layout_vaults_big_room

Skill      XL: |  1  2  3  4  5  6  7  8  9 10 11 12 13 14 15 16 17 18 19 |
---------------+----------------------------------------------------------+-----
Ice Magic      | 5 6 7 8 9 10 11 12 | 12.0
Fighting       | 1 2 3 4 5 6 7 9 10 11 | 11.6
Shields        | 1 2 3 4 |  4.0
Spellcasting   | 3 4 5 6 7 8 9 10 | 10.0
Dodging        | 3 4 5 7 8 10 12 | 12.0
Summonings     | 1 2 3 |  3.0
Transmutations | 2 3 4 5 7 8 |  8.0
Invocations    | 1 3 4 5 6 7 9 10 | 10.0
Unarmed Combat | 1 3 5 8 10 11 13 14 16 18 | 18.0
Conjurations   | 2 4 6 8 9 |  9.0
Evocations     | 1 3 5 |  5.0
Earth Magic    | 3 5 7 10 12 13 | 13.1
Stealth        | |  2.6

Action                   |  1- 3 |  4- 6 |  7- 9 | 10-12 | 13-15 | 16-18 | 19-21 || total
-------------------------+-------+-------+-------+-------+-------+-------+-------++-------
Melee: Dagger            |    28 |    94 |    80 |       |       |       |       ||   202
       Constrict         |     9 |    23 |    23 |    18 |    13 |   135 |    35 ||   256
       Unarmed           |     4 |       |    94 |   421 |   848 |   715 |   231 ||  2313
       Tentacles         |     3 |    18 |    10 |    21 |    19 |   168 |    69 ||   308
       Punch             |       |       |       |     7 |     9 |   118 |    64 ||   198
 Cast: Freeze            |    20 |    27 |    70 |    14 |       |       |       ||   131
       Frozen Ramparts   |       |     7 |    23 |    55 |    48 |    29 |     5 ||   167
       Ice Form          |       |       |    12 |    53 |    89 |     5 |       ||   159
       Ozocubu's Armour  |       |       |       |    36 |    52 |     2 |       ||    90
       Hailstorm         |       |       |       |     8 |    27 |    42 |     6 ||    83
       Summon Ice Beast  |       |       |       |     1 |       |     1 |       ||     2
       Statue Form       |       |       |       |       |     6 |    98 |    17 ||   121
       Iron Shot         |       |       |       |       |       |     8 |     5 ||    13
Invok: Slouch            |       |       |       |       |       |     3 |       ||     3
Evoke: Wand              |       |       |       |     3 |       |     5 |       ||     8
       Condenser vane    |       |       |       |       |       |     1 |     1 ||     2
  Use: Scroll            |     1 |     6 |     4 |    11 |    20 |     9 |       ||    51
       Potion            |       |       |     1 |     1 |     1 |       |       ||     3
 Stab: Sleeping          |     8 |     7 |     6 |    15 |    21 |    16 |     3 ||    76
       Distracted        |       |       |     1 |     1 |     3 |       |     1 ||     6
       Confused          |       |       |       |     1 |       |       |     3 ||     4
       Petrified         |       |       |       |       |     1 |       |       ||     1
       Held in net/web   |       |       |       |       |       |     1 |       ||     1
Armor: Skin              |     2 |     9 |    44 |   121 |   257 |   279 |    60 ||   772
Dodge: Dodged            |    23 |    71 |   153 |   263 |   677 |  1074 |   275 ||  2536
Block: Buckler           |     2 |    15 |    21 |    30 |    44 |   751 |   208 ||  1071
       Other             |       |       |       |    68 |   147 |     2 |       ||   217
       Reflection        |       |       |       |     8 |     7 |    80 |    28 ||   123
